 Dungeon Crawl Stone Soup version 0.22.0-78-g6c94d2c (webtiles) character file.

26 Starchild the Chiller (level 3, -2/24 HPs)
             Began as a Merfolk Ice Elementalist on Sept 16, 2018.
             Slain by a worm (9 damage)
             ... on level 2 of the Dungeon.
             The game lasted 00:04:31 (1606 turns).

Starchild the Chiller (Merfolk Ice Elementalist)    Turns: 1606, Time: 00:04:32

Health: -2/24      AC:  2    Str:  8    XL:     3   Next: 8%
Magic:  1/6        EV: 13    Int: 15    God:
Gold:   58         SH:  0    Dex: 14    Spells: 2/6 levels left

rFire    . . .     SeeInvis .   f - +2 whip (freeze)
rCold    . . .     Gourm    .   (no shield)
rNeg     . . .     Faith    .   a - +0 robe
rPois    .         Spirit   .   (no helmet)
rElec    .         Reflect  .   (no cloak)
rCorr    .         Harm     .   (no gloves)
MR       .....                  (no boots)
Stlth    ++........             (no amulet)
HPRegen  0.08/turn              (no ring)
MPRegen  0.10/turn              (no ring)

@: no status effects
A: change form in water, swift swim, stealthy swim
a: no special abilities


You were on level 2 of the Dungeon.
You were hungry.

You visited 1 branch of the dungeon, and saw 3 of its levels.

You collected 58 gold pieces.

Inventory:

Hand Weapons
 d - a +0 whip
 f - a +2 whip of freezing (weapon)
 l - a +2 hunting sling of flaming
Missiles
 k - 33 stones (quivered)
 o - a throwing net
Armour
 a - a +0 robe (worn)
Scrolls
 b - a scroll of immolation {unknown}
 g - 2 scrolls of identify {unknown}
 i - 2 scrolls of enchant weapon {unknown}
 j - 2 scrolls of teleportation {unknown}
Potions
 e - 2 potions of flight {unknown}
 h - 3 potions of curing {unknown}
 n - a potion of degeneration {unknown}
Comestibles
 c - 4 rations
 m - 2 chunks of flesh


   Skills:
 - Level 2.6 Dodging
 - Level 2.1 Stealth
 - Level 2.0 Spellcasting
   Level 0.7 Conjurations
 + Level 4.6 Ice Magic


You had 2 spell levels left.
You knew the following spells:

 Your Spells              Type           Power        Failure   Level  Hunger
a - Freeze                Ice            ###.         3%          1    #......
b - Ozocubu's Armour      Chrm/Ice       #.......     26%         3    ###....

Your spell library contained the following spells:

 Spells                   Type           Power        Failure   Level  Hunger
 Throw Frost              Conj/Ice       #.....       12%         2    ###....
 Throw Icicle             Conj/Ice       #.......     58%         4    #####..
 Summon Ice Beast         Ice/Summ       #.......     65%         4    #####..


Dungeon Overview and Level Annotations

Branches:
Dungeon (3/15)

Altars:
Xom


Message History

You freeze the worm.
The worm is heavily wounded.
Casting: Freeze (safe; 3% risk of failure)
Confirm with . or Enter, or press ? or * to list all spells.
Aiming: Freeze (safe; 3% risk of failure)
Press: ? - help, Shift-Dir - straight line, f/p - worm
Aim: a worm (heavily wounded)
You freeze the worm.
The worm is severely wounded.
The worm misses you.
Casting: Freeze (safe; 3% risk of failure)
Confirm with . or Enter, or press ? or * to list all spells.
Aiming: Freeze (safe; 3% risk of failure)
Press: ? - help, Shift-Dir - straight line, f/p - worm
Aim: a worm (heavily wounded)
You freeze the worm.
The worm is severely wounded.
You are feeling hungry.
The worm bites you!
You die...

)#######.###.##
#.# ........##
##.# . #..
.........###..####
# .####.#
#.######..#.#.....
.. )..#># #.#
####.#.......#
#..##.#.# #.#
#....##.####.#
##.......# #.#
#.#####.# #.#
....##...###.# #.#
# # #.#
.....(.(.((w@# #.#
#.# ##.###..######
#.# #..
.........#######.#
###
#.####.......)...#
#...#########
#..## #..# ....#
####.#


You could see a worm.

Vanquished Creatures
  2 leopard geckos (D:1)
  4 giant cockroaches (D:1)
  3 goblins (D:1)
  3 hobgoblins
  3 kobolds (D:1)
  A ball python (D:2)
  A bat (D:1)
  5 rats (D:1)
22 creatures vanquished.

Notes
Turn   | Place    | Note
-------+----------+-------------------------------------------
     0 | D:1      | Starchild the Merfolk Ice Elementalist began the quest for
                  | the Orb.
     0 | D:1      | Reached XP level 1. HP: 13/13 MP: 3/3
   346 | D:1      | Reached XP level 2. HP: 12/19 MP: 1/5
   539 | D:1      | Reached skill level 4 in Ice Magic
  1296 | D:1      | Reached XP level 3. HP: 22/24 MP: 6/6
  1301 | D:1      | Learned a level 3 spell: Ozocubu's Armour
  1345 | D:2      | You fall through a shaft!
  1492 | D:2      | Found a shimmering altar of Xom.
  1606 | D:2      | Slain by a worm

Skill      XL: |  1  2 |
---------------+-------+-----
Ice Magic      | 4 |  4.6
Dodging        | |  2.6
Stealth        | |  2.1
Spellcasting   | |  2.0
Conjurations   | |  0.7

Action                   || total
-------------------------++-------
Melee: Unarmed           ||    13
       Whip              ||    33
Throw: Stone             ||     9
 Cast: Freeze            ||    20
 Stab: Sleeping          ||     4
  Eat: Chunk             ||     2
Armor: Robe              ||     7
Dodge: Dodged            ||    34
